 Dungeon Crawl Stone Soup version 0.23.1-38-g628c18f423 (webtiles) character file.

Game seed: 4309532084396758431

2195 Ivernyr the Conjurer (level 9, -6/46 HPs)
             Began as a Vine Stalker Wizard on Mar 27, 2019.
             Was a Follower of Cheibriados.
             Killed from afar by a gargoyle (10 damage)
             ... with a stone arrow
             ... on level 8 of the Dungeon on Mar 29, 2019.
             The game lasted 00:44:51 (7652 turns).

Ivernyr the Conjurer (Vine Stalker Wizard)          Turns: 7652, Time: 00:44:53

Health: -6/46      AC:  3    Str: 17    XL:     9   Next: 34%
Magic:  0/19       EV: 15    Int: 29    God:    Cheibriados [*.....]
Gold:   456        SH:  0    Dex: 18    Spells: 11/20 levels left

rFire    . . .     SeeInvis .   n - +6 long sword "Otigruke" {venom, rElec rC+ Int+2 Dex+2}
rCold    + . .     Gourm    .   (no shield)
rNeg     . . .     Faith    .   a - +0 robe
rPois    .         Spirit   +   b - +0 hat
rElec    +         Reflect  .   (no cloak)
rCorr    +         Harm     .   x - +0 pair of gloves "Viefeut" {+Inv rCorr Str+4 Int+3}
MR       +....                  (no boots)
Stlth    ++........             (no amulet)
HPRegen  0.55/turn              (no ring)
MPRegen  0.16/turn              (no ring)

@: very slow
A: fangs 3, regeneration 1, magic shield, antimagic bite, no potion heal 3, rot
immunity
a: Bend Time, Renounce Religion, Evoke Invisibility


You were on level 8 of the Dungeon.
You worshipped Cheibriados.
Cheibriados was aware of your devotion.
You were not hungry.

You visited 2 branches of the dungeon, and saw 9 of its levels.
You also visited: Sewer.

You collected 456 gold pieces.

Inventory:

Hand Weapons
 n - the +6 long sword "Otigruke" (weapon) {venom, rElec rC+ Int+2 Dex+2}
   (You found it on level 4 of the Dungeon)

   It poisons the flesh of those it strikes.
   It affects your intelligence (+2).
   It affects your dexterity (+2).
   It protects you from cold.
   It insulates you from electricity.
Armour
 a - a +0 robe (worn)
 b - a +0 hat (worn)
 w - a +0 buckler
 x - the +0 pair of gloves "Viefeut" (worn) {+Inv rCorr Str+4 Int+3}
   (You found it on level 7 of the Dungeon)

   It affects your strength (+4).
   It affects your intelligence (+3).
   It lets you turn invisible.
   It provides partial protection from all sources of acid and corrosion.
Wands
 c - a wand of digging (4)
Scrolls
 f - 7 scrolls of teleportation {unknown}
 g - 7 scrolls of identify {unknown}
 h - 8 scrolls of remove curse {unknown}
 i - 2 scrolls of enchant weapon {unknown}
 o - 3 scrolls of fear {unknown}
 q - 4 scrolls of fog {unknown}
 t - 2 scrolls of immolation {unknown}
 u - 2 scrolls of blinking {unknown}
 v - a scroll of enchant armour {unknown}
Potions
 e - a potion of haste {unknown}
 j - 3 potions of berserk rage {unknown}
 k - a potion of flight {unknown}
 l - a potion of degeneration {unknown}
 m - a potion of might {unknown}
 p - 3 potions of heal wounds {unknown}
 r - a potion of curing {unknown}
 s - a potion of lignification {unknown}
Comestibles
 d - 11 rations


   Skills:
 + Level 4.7 Fighting
 + Level 4.7 Dodging
 - Level 2.4 Stealth
 + Level 6.3 Spellcasting
 * Level 7.7 Conjurations
   Level 1.0 Summonings
 - Level 1.0 Translocations


You had 11 spell levels left.
You knew the following spells:

 Your Spells              Type           Power        Failure   Level  Hunger
a - Magic Dart            Conj           ####         1%          1    None
b - Blink                 Tloc           N/A          5%          2    None
c - Conjure Flame         Conj/Fire      ####....     3%          3    None
d - Mephitic Cloud        Conj/Pois/Air  ###.....     6%          3    None

Your spell library contained the following spells:

 Spells                   Type           Power        Failure   Level  Hunger
 Stone Arrow              Conj/Erth      ####..       3%          3    None
 Animate Skeleton         Necr           N/A          5%          1    None
 Pain                     Necr           #...         5%          1    None
 Sandblast                Erth           #.....       5%          1    None
 Call Imp                 Summ           ###.....     5%          2    None
 Passwall                 Tmut/Erth      #.......     9%          2    None
 Slow                     Hex            #.......     9%          2    None
 Regeneration             Chrm/Necr      #.........   16%         3    None
 Vampiric Draining        Necr           #.........   16%         3    None
 Animate Dead             Necr           N/A          47%         4    ###....
 Petrify                  Tmut/Erth      #.......     47%         4    ###....
 Lee's Rapid Deconstruct  Erth           #.........   83%         5    #####..


Dungeon Overview and Level Annotations

Branches:
Dungeon (8/15)             Temple (1/1) D:6
   Lair: D:8-11

Altars:
Ashenzari
Cheibriados
Fedhas
Gozag
Hepliaklqana
Kikubaaqudgha
Makhleb
Qazlal
Ru
Sif Muna
Trog
Uskayaw
Xom
Yredelemnul
The Shining One

Annotations:
D:3 3 runed translucent doors, rorsh's ghost, amateur DEWz
D:8 Erica


Innate Abilities, Weirdness & Mutations

You have razor-sharp teeth.
Your natural rate of healing is unusually fast.
When hurt, damage is shared between your health and your magic reserves.
Your bite disrupts and absorbs the magic of your enemies.
Potions cannot restore your health.
You are immune to rotting.


Message History

* * * LOW HITPOINT WARNING * * *
The orc priest closely misses you.
You hit the gargoyle but do no damage.
You bite the gargoyle, but do no damage.
The gargoyle is almost destroyed.
The gargoyle hurls a stone arrow at you.
The stone arrow hits you!
* * * LOW HITPOINT WARNING * * *
The orc priest closely misses you. The gargoyle misses you.
You riposte.
You hit the gargoyle but do no damage.
You bite the gargoyle, but do no damage.
The gargoyle is almost destroyed.
You hit the gargoyle but do no damage.
You bite the gargoyle, but do no damage.
The gargoyle is almost destroyed.
The orc priest hits you with a +0 flail.
* * * LOW HITPOINT WARNING * * *
The gargoyle hurls a stone arrow at you.
The stone arrow hits you!
You die...

# ##### .# #.
...##..#
#+#.####.....)#
........<.#
........#####.#
...##...9.....#
.......@#######
.##....o#
###.#)# ......
########


You could see a gargoyle and an orc priest.

Vanquished Creatures
  A hippogriff (D:6)
  A hungry ghost (D:5)
  An orc warrior (D:6)
  A centaur (D:6)
  5 ogres
  2 big kobolds (Sewer)
  A gnoll sergeant (D:5)
  A howler monkey (D:5)
  6 crimson imps
  A bullfrog zombie (D:2)
  A hound (D:5)
  3 orc priests
  6 orc wizards
  5 worker ants
  10 adders
  7 gnolls
  6 river rats
  6 oozes
  4 worms
  A dart slug (D:1)
  5 leopard geckos
  25 orcs
  7 ball pythons
  17 bats
  6 giant cockroaches
  6 goblins
  12 hobgoblins
  8 jackals
  18 kobolds
  A quokka (D:3)
  5 frilled lizards
  15 rats
194 creatures vanquished.

Notes
Turn   | Place    | Note
-------+----------+-------------------------------------------
     0 | D:1      | Ivernyr the Vine Stalker Wizard began the quest for the
                  | Orb.
     0 | D:1      | Reached XP level 1. HP: 9/9 MP: 5/5
   440 | D:1      | Reached XP level 2. HP: 14/14 MP: 1/7
   500 | D:1      | Learned a level 2 spell: Blink
   912 | D:1      | Reached XP level 3. HP: 17/17 MP: 7/9
   917 | D:1      | Learned a level 3 spell: Conjure Flame
   921 | D:1      | Learned a level 3 spell: Mephitic Cloud
  1038 | D:1      | Reached skill level 2 in Conjurations
  1690 | D:2      | Reached skill level 1 in Fighting
  1891 | D:2      | Gained mutation: Your natural rate of healing is unusually
                  | fast. [Vine Stalker growth]
  1891 | D:2      | Reached XP level 4. HP: 22/22 MP: 3/10
  1950 | D:2      | Upgraded the game from 0.23.1-37-gaa34b87b72 to
                  | 0.23.1-38-g628c18f423
  2217 | D:2      | Found an ancient bone altar of Kikubaaqudgha.
  2760 | D:3      | Reached skill level 3 in Conjurations
  2760 | D:3      | Reached XP level 5. HP: 25/25 MP: 6/11
  2805 | D:3      | Found a runed translucent gate.
  2805 | D:3      | Found a runed translucent gate.
  2805 | D:3      | Found a runed translucent gate.
  2999 | D:3      | Found a glowing drain.
  3329 | D:3      | Found a blossoming altar of Fedhas.
  3405 | D:3      | Noticed rorsh's ghost (amateur DEWz)
  3801 | D:4      | Got a pitted long sword
  3872 | D:4      | Found a glowing drain.
  3990 | Sewer    | Entered a sewer
  3991 | Sewer    | Identified the +6 long sword "Otigruke" {venom, rElec rC+
                  | Int+2 Dex+2} (You found it on level 4 of the Dungeon)
  4044 | Sewer    | Reached XP level 6. HP: 22/30 MP: 13/13
  4128 | Sewer    | Reached skill level 4 in Conjurations
  4646 | Sewer    | Reached XP level 7. HP: 35/35 MP: 8/14
  5106 | D:4      | Found a shattered altar of Ashenzari.
  5112 | D:4      | Found an opulent altar of Gozag.
  5113 | D:4      | Found a sacrificial altar of Ru.
  5435 | D:5      | Entered Level 5 of the Dungeon
  5467 | D:5      | Reached skill level 5 in Conjurations
  5599 | D:5      | Noticed a hungry ghost
  5602 | D:5      | Reached skill level 5 in Spellcasting
  5629 | D:5      | Killed a hungry ghost
  5629 | D:5      | Gained mutation: You have razor-sharp teeth. [Vine Stalker
                  | growth]
  5629 | D:5      | Reached XP level 8. HP: 40/40 MP: 0/16
  5766 | D:5      | Reached skill level 6 in Conjurations
  6104 | D:6      | Found a staircase to the Ecumenical Temple.
  6116 | Temple   | Entered the Ecumenical Temple
  6149 | Temple   | Became a worshipper of Cheibriados the Contemplative
  6514 | D:6      | Reached skill level 7 in Conjurations
  6514 | D:6      | Reached XP level 9. HP: 28/45 MP: 8/18
  7005 | D:7      | Reached * piety under Cheibriados
  7050 | D:7      | Got a pair of scorched gloves
  7059 | D:7      | Identified the +0 pair of gloves "Viefeut" {+Inv rCorr
                  | Str+4 Int+3} (You found it on level 7 of the Dungeon)
  7160 | D:7      | Found a burning altar of Makhleb.
  7596 | D:8      | Noticed Erica
  7642 | D:8      | Noticed a gargoyle
  7652 | D:8      | Killed from afar by a gargoyle

Skill      XL: |  1  2  3  4  5  6  7  8  9 |
---------------+----------------------------+-----
Conjurations   | 2 3 4 5 7 |  7.7
Dodging        | 2 3 4 |  4.7
Fighting       | 1 2 3 4 |  4.7
Spellcasting   | 4 5 6 |  6.3
Stealth        | |  2.4
Summonings     | |  1.0
Translocations | |  1.0

Action                   |  1- 3 |  4- 6 |  7- 9 || total
-------------------------+-------+-------+-------++-------
Melee: Unarmed           |     8 |       |       ||     8
       Bite              |     6 |    12 |    34 ||    52
       Dagger            |    36 |    41 |       ||    77
       Long sword        |       |    34 |    91 ||   125
 Cast: Magic Dart        |    79 |   160 |   104 ||   343
       Conjure Flame     |       |     1 |     2 ||     3
       Mephitic Cloud    |       |     1 |     7 ||     8
       Blink             |       |       |     4 ||     4
 Stab: Confused          |       |       |     6 ||     6
       Sleeping          |       |       |     1 ||     1
  Eat: Chunk             |     3 |     9 |     9 ||    21
Armor: Robe              |    15 |     4 |     8 ||    27
Dodge: Dodged            |    31 |    35 |    62 ||   128
       Rpst.: Long sword |       |     4 |    19 ||    23
